 Dungeon Crawl Stone Soup version 0.32-a0-791-gfc315c9ecd (webtiles) character file.

Game seed: 2473714556649292147

30 ezpacito the Trooper (level 3, -12/29 HPs)
             Began as a Coglin Chaos Knight on Mar 20, 2024.
             Was a Plaything of Xom.
             Mangled by Terence
             ... wielding a +0 flail
              (15 damage)
             ... on level 2 of the Dungeon.
             The game lasted 00:00:39 (882 turns).

ezpacito the Trooper (Coglin Chaos Knight)           Turns: 882, Time: 00:00:39

Health: -12/29     AC:  5    Str: 14    XL:     3   Next: 18%
Magic:  3/3        EV: 10    Int: 11    God:    Xom [..*...]
Gold:   113        SH:  0    Dex: 13    Spells: 2/2 levels left

rFire   . . .        a - +0 hand axe (chaos) {Hua}
rCold   . . .        d - +0 dagger {Niklaus}
rNeg    . . .        b - +2 leather armour
rPois   .            (no helmet)
rElec   .            (no cloak)
rCorr   .            (no gloves)
SInv    .            (no boots)
Will    .....        (amulet unavailable)
Stlth   +            (ring unavailable)
HPRegen 0.24/turn    (ring unavailable)
MPRegen 0.08/turn    (no gizmo)

%: no passive effects
@: revved
A: off-hand wielding, slow wielding, warmup strikes, no jewellery
a: Invent Gizmo, Renounce Religion


You were on level 2 of the Dungeon.
You worshipped Xom.
You were a toy of Xom.
You visited 1 branch of the dungeon, and saw 2 of its levels.

You collected 113 gold pieces.

Inventory:

Hand Weapons
 a - a +0 hand axe of chaos (weapon) {Hua}
 d - a +0 dagger (offhand) {Niklaus}
Armour
 b - a +2 leather armour (worn)
Scrolls
 e - a scroll of amnesia {unknown}
 f - a scroll of vulnerability {unknown}
 g - a scroll of poison {unknown}
 h - a scroll of identify {unknown}
 i - a scroll of immolation {unknown}
 j - a scroll of silence {unknown}
 k - 3 scrolls of fog {unknown}
 o - a scroll of noise {unknown}
Potions
 l - 2 potions of magic {unknown}
 m - a potion of degeneration {unknown}
 n - a potion of curing {unknown}


   Skills:
 * Level 3.2 Fighting
 * Level 3.2 Axes
 + Level 0.5(1.9) Polearms
 * Level 2.1 Armour
 * Level 1.5 Dodging
 + Level 0.1 Stealth
 + Level 0.1 Spellcasting


You had 2 spell levels left.
You didn't know any spells.
Your spell library contained the following spells:

 Spells                   Type           Power      Damage    Failure   Level
 Blink                    Tloc           0%         N/A       54%         2
 Lesser Beckoning         Tloc           0%         N/A       54%         2
 Momentum Strike          Conj/Tloc      0%         3d8       54%         2


Dungeon Overview and Level Annotations

Branches:
Dungeon (2/15)

Altars:

Annotations:
D:2 Terence


Innate Abilities, Weirdness & Mutations

You can wield a second weapon in your off-hand.
It takes a long time for you to wield or remove held weapons.
Your first few attacks do less damage.
You cannot equip rings or amulets.


Message History

You hit Terence but do no damage. You hit Terence with your +0 dagger.
Terence barely misses you.
You take 6 damage, and have 23/29 hp.
MASSIVE DAMAGE!!
You hit Terence with your +0 hand axe of chaos.
Terence suddenly seems more resistant.
Terence is heavily wounded.
You hit Terence but do no damage. Terence barely misses you.
You hit Terence but do no damage.
Terence is heavily wounded.
You barely miss Terence with your +0 dagger.
Terence hits you with a +0 flail.
You take 3 damage, and have 20/29 hp.
You are too injured to fight recklessly!
You are too injured to fight recklessly!
You are too injured to fight recklessly!
You are too injured to fight recklessly!
You are too injured to fight recklessly!
You hit Terence with your +0 dagger.
Terence is heavily wounded.
You hit Terence but do no damage. Terence hits you with a +0 flail.
You take 6 damage, and have 14/29 hp.
MASSIVE DAMAGE!!
You hit Terence with your +0 hand axe of chaos.
Terence is severely wounded.
You hit Terence but do no damage. Terence barely misses you.
You hit Terence but do no damage.
Terence flies into a frenzy!
Terence is severely wounded.
You hit Terence but do no damage. Terence barely misses you. x2
You hit Terence but do no damage.
Terence is severely wounded.
You hit Terence with your +0 hand axe of chaos.
Terence hits you with a +0 flail!
* * * LOW HITPOINT WARNING * * *
A shower of butterflies erupts from you!
You take 11 damage, and have 3/29 hp.
MASSIVE DAMAGE!!
You completely miss Terence with your +0 hand axe of chaos.
Terence is almost dead.
You hit Terence but do no damage. Terence hits you with a +0 flail!
Ouch! That really hurt!
You die...
Xom giggles madly!

##.....#.....##
##.............##
#...............#
#...............# ##
#...............#
.....##.......†.......#
..............b.......#
....##.......b.......#
...##.....@........##
#..#....@........##
#.#....#......###
###......#.#.b###
###........#....#
#.............#.#
.....#.)†......#.#
........:.bb.....#
...##.##.b.b....##


You could see the neutral Terence (fast, strong, frenzied, resistant, ally
target).

Vanquished Creatures
  A dart slug (D:1)
  3 bats
  2 endoplasms (D:2)
  3 goblins (D:1)
  5 hobgoblins (D:1)
  2 quokkas (D:1)
  5 ball pythons (D:1)
  2 frilled lizards
  A rat (D:2)
24 creatures vanquished.

Notes
Turn   | Place    | Note
-------+----------+-------------------------------------------
     0 | D:1      | ezpacito the Coglin Chaos Knight began the quest for the
                  | Orb.
     0 | D:1      | Reached XP level 1. HP: 18/18 MP: 1/1
    50 | D:1      | Reached skill level 1 in Dodging
    79 | D:1      | Reached XP level 2. HP: 23/24 MP: 2/2
   645 | D:1      | Reached XP level 3. HP: 25/29 MP: 3/3
   811 | D:2      | Noticed Terence
   819 | D:2      | XOM: enchant monster (good)
   881 | D:2      | XOM: butterfly on damage
   882 | D:2      | Mangled by Terence

Illustrated notes

Levels and vault maps discovered:
D:1:      elethiomel_arrival_infinity_welcomes_careful_drivers, layout_basic,
          minmay_tromino_v4_b
D:2:      layout_rooms, uniq_terence

Skill      XL: |  1  2 |
---------------+-------+-----
Dodging        | 1 |  1.5
Armour         | 2 |  2.1
Fighting       | |  3.2
Axes           | |  3.2
Polearms       | |  0.5
Stealth        | |  0.1
Spellcasting   | |  0.1

Action                     || total
---------------------------++-------
  Melee: Hand axe          ||    55
         Dagger            ||    49
    Use: Scroll            ||     1
   Stab: Confused          ||     1
 Armour: Leather armour    ||    30
  Dodge: Dodged            ||    28

Table legend: (Time is in decaauts)
 A = Elapsed time spent in this place.
 B = Non-inter-level travel time spent in this place.
 C = Inter-level travel time spent in this place.
 D = Time resting spent in this place.
 E = Time spent auto-exploring this place.
 F = Levels seen in this place.
 G = Mean time per level.
                   A        B        C        D        E       F      G
               +--------+--------+--------+--------+--------+-----+--------+
         Total |    886 |    869 |     17 |     40 |    686 |   2 |  443.0 |
       Dungeon |    886 |    869 |     17 |     40 |    686 |   2 |  443.0 |
               +--------+--------+--------+--------+--------+-----+--------+

Top non-repeatable levels by time:
     D:1: 818 daAuts
     D:2: 68 daAuts
